 Dungeon Crawl Stone Soup version 0.29.1-12-g30fa7ad0bf (webtiles) character file.

Game seed: 4904767538177241895

56625 Gabide the Bewitcher (level 14, -6/111 HPs)
             Began as a Vampire Enchanter on Dec 25, 2022.
             Was a Follower of Uskayaw.
             Mangled by a polar bear (7 damage)
             ... while petrified by a basilisk
             ... on level 5 of the Lair of Beasts.
             The game lasted 01:00:01 (17324 turns).

Gabide the Bewitcher (Vampire Enchanter)           Turns: 17324, Time: 01:00:02

Health: -6/111     AC:  9    Str:  7    XL:     14   Next: 42%
Magic:  25/28      EV:  2    Int: 22    God:    Uskayaw [*.....]
Gold:   1025       SH:  0    Dex: 15    Spells: 7/33 levels left

rFire   . . .      SeeInvis +   a - +2 short sword (vamp)
rCold   . . .      Faith    .   (no shield)
rNeg    + + +      Spirit   .   M - +2 robe {Archmagi}
rPois   ∞          Reflect  .   P - +0 helmet
rElec   .          Harm     .   V - +1 cloak
rCorr   .          Rampage  .   Q - +0 pair of gloves
Will    +....      Archmagi +   T - +0 pair of boots
Stlth   +++.......              X - amulet of regeneration
HPRegen 1.28/turn               s - +4 ring of evasion
MPRegen 0.21/turn               i - +4 ring of evasion

@: petrified, healing quickly
A: alive, fangs 3, see invisible, vampiric 2
a: Exsanguinate, Renounce Religion, Stomp


You were on level 5 of the Lair of Beasts.
You worshipped Uskayaw.
Uskayaw was noncommittal.
You visited 3 branches of the dungeon, and saw 17 of its levels.
You also visited: Ossuary.

You collected 1239 gold pieces.
You spent 214 gold pieces at shops.

Inventory:

Hand Weapons
 a - a +2 vampiric short sword (weapon)
 b - a +3 long sword of freezing
Missiles
 w - 6 throwing nets
Armour
 M - a +2 robe of the Archmagi (worn)
 P - a +0 helmet (worn)
 Q - a +0 pair of gloves (worn)
 T - a +0 pair of boots (worn)
 V - a +1 cloak (worn)
Jewellery
 i - a +4 ring of evasion (right hand)
 k - a ring of resist corrosion
 n - a ring of protection from cold
 p - an amulet of faith
 s - a +4 ring of evasion (left hand)
 u - a ring of poison resistance
 y - the amulet of Elemental Vulnerability {rPois rF-- rC-- AC+8}
   (You found it on level 6 of the Dungeon)

   [amulet of nothing]

   AC:        It affects your AC (+8).
   rF:        It makes you very vulnerable to fire.
   rC:        It makes you very vulnerable to cold.
   rPois:     It protects you from poison.
 N - a +6 ring of intelligence
 X - an amulet of regeneration (around neck)
Wands
 h - a wand of paralysis (27)
 q - a wand of mindburst (26)
 C - a wand of polymorph (10)
 J - a wand of acid (15)
 K - a wand of iceblast (17)
Scrolls
 c - 4 scrolls of poison
 d - 2 scrolls of magic mapping
 l - a scroll of brand weapon
 m - 4 scrolls of immolation
 r - 7 scrolls of teleportation
 t - 3 scrolls of blinking
 D - 3 scrolls of butterflies
 H - a scroll of vulnerability
 I - 2 scrolls of enchant weapon
 R - a scroll of torment
 S - a scroll of amnesia
 U - a scroll of enchant armour {unknown}
 Y - a scroll of silence {unknown}
Potions
 e - 4 potions of brilliance
 f - a potion of invisibility
 g - 2 potions of resistance
 o - 3 potions of haste
 v - 9 potions of curing
 x - a potion of berserk rage
 z - 2 potions of flight
 A - 4 potions of might
 B - 2 potions of lignification
 E - a potion of cancellation
 F - 5 potions of heal wounds
 G - 4 potions of mutation
 L - a potion of attraction


   Skills:
 - Level 10.3 Fighting
 - Level 10.0 Short Blades
 - Level 3.0 Armour
 - Level 10.0 Dodging
 - Level 5.0 Stealth
 - Level 10.3 Spellcasting
 + Level 19.0 Hexes


You had 7 spell levels left.
You knew the following spells:

 Your Spells              Type           Power      Damage    Failure   Level
a - Ensorcelled Hibernat  Hex/Ice        100%       N/A       1%          2
b - Confusing Touch       Hex            97%        N/A       0%          3
c - Tukima's Dance        Hex            97%        N/A       0%          3
d - Dazzling Flash        Conj/Hex       100%       N/A       1%          3
e - Anguish               Hex/Necr       34%        N/A       1%          4
f - Blink                 Tloc           34%        N/A       9%          2
g - Summon Mana Viper     Hex/Summ       68%        N/A       3%          5
h - Fulminant Prism       Conj/Hex       34%        3d16      1%          4

Your spell library contained the following spells:

 Spells                   Type           Power      Damage    Failure   Level
 Enfeeble                 Hex            48%        N/A       1%          7
 Yara's Violent Unravell  Hex/Tmut       34%        3d14      3%          5
 Static Discharge         Conj/Air       17%        3-6/arc   9%          2
 Frozen Ramparts          Ice            34%        1d6       17%         3
 Dispel Undead            Necr           17%        3d10      50%         4
 Ice Form                 Ice/Tmut       17%        N/A       50%         4
 Iskenderun's Mystic Bla  Conj/Tloc      17%        2d5       50%         4
 Sticky Flame             Conj/Fire      17%        2d4       50%         4
 Summon Ice Beast         Ice/Summ       17%        N/A       50%         4
 Alistair's Intoxication  Tmut/Pois      11%        N/A       85%         5
 Borgnjor's Vile Clutch   Necr/Erth      8%         N/A       85%         5
 Lee's Rapid Deconstruct  Erth           8%         3d8*      85%         5
 Manifold Assault         Tloc           17%        N/A       85%         5
 Eringya's Noxious Bog    Tmut/Pois      8%         N/A       100%        6
 Monstrous Menagerie      Summ           8%         N/A       100%        7
 Storm Form               Tmut/Air       8%         N/A       100%        7


Dungeon Overview and Level Annotations

Branches:
Dungeon (11/15)            Temple (1/1) D:4            Lair (5/5) D:11
  Swamp (0/4) Lair:2        Slime (0/5) Lair:5          Orc (0/2) D:9
Ossuary (visited)
  Snake: Lair:2-3    Spider: Lair:2-3

Altars:
Ashenzari
Cheibriados
Dithmenos
Fedhas
Gozag
Hepliaklqana
Kikubaaqudgha
Makhleb
Nemelex Xobeh
Okawaru
Qazlal
Ru
Sif Muna
Trog
Uskayaw
Vehumet
Wu Jian
Xom
Yredelemnul
Jiyva

Shops:
D:4 ?   D:9 =

Portals:
Ice
Cave: Lair:5


Innate Abilities, Weirdness & Mutations

Your natural rate of healing is accelerated.
You have razor-sharp teeth.
You have supernaturally acute eyesight. (SInv)
You are afflicted with vampirism and can become a bat while bloodless.


Message History

* * * LOW HITPOINT WARNING * * *
The polar bear claws you but does no damage. x2
The rime drake breathes ice at you. The flash freeze hits you!
* * * LOW HITPOINT WARNING * * *
You are encased in ice.
The polar bear bites you!
* * * LOW HITPOINT WARNING * * *
The polar bear claws you.
The polar bear claws you but does no damage.
The polar bear bites you but does no damage.
The polar bear claws you. x2
* * * LOW HITPOINT WARNING * * *
The yak gores you but does no damage. The rime drake bites you.
The rime drake completely misses you. The polar bear bites you.
* * * LOW HITPOINT WARNING * * *
The polar bear barely misses you.
The polar bear claws you but does no damage.
The polar bear bites you but does no damage.
The polar bear claws you but does no damage. x2
The yak gores you!
* * * LOW HITPOINT WARNING * * *
The rime drake bites you but does no damage.
The polar bear bites you.
* * * LOW HITPOINT WARNING * * *
The polar bear claws you.
The polar bear claws you but does no damage.
The polar bear bites you but does no damage.
The polar bear claws you but does no damage.
The polar bear claws you.
* * * LOW HITPOINT WARNING * * *
The yak gores you but does no damage. The ice encasing you melts away.
The rime drake bites you.
* * * LOW HITPOINT WARNING * * *
The polar bear bites you but does no damage.
The polar bear barely misses you.
The polar bear claws you but does no damage.
The polar bear bites you!
You die...

# ####
#.#...##
##.....Y#
.....∩hk#
#..hY@#
##.hh##
####


You could see 2 polar bears, 2 yaks, a rime drake and 2 wolves.

Vanquished Creatures
  3 hydras
  Joseph (D:9)
  2 elephants
  A black mamba (Lair:2)
  Maggie (D:9)
  5 cane toads
  A rime drake (Lair:4)
  3 komodo dragons
  2 polar bears (D:8)
  A dream sheep (Lair:1)
  2 blink frogs
  A jumping spider (Lair:3)
  2 wyverns
  2 wraiths (Ossuary)
  27 yaks
  3 basilisks
  A steam dragon (D:6)
  A vampire mosquito (D:10)
  Menkaure (D:6)
  A warg (D:9)
  An acid dragon (D:9)
  12 water moccasins
  2 ice beasts
  A sky beast (D:7)
  An orc warrior (D:9)
  2 black bears (D:7)
  2 ogres (D:5)
  2 wolves (D:8)
  2 kobold brigands
  8 bullfrogs
  A gnoll sergeant (D:6)
  A necrophage (D:5)
  3 scorpions
  8 wights
  7 killer bees
  An electric eel (D:8)
  A hound (D:4)
  A jelly (D:7)
  A gnoll bouda (D:6)
  6 orc priests
  Crazy Yiuf (D:3)
  6 iguanas
  8 orc wizards
  17 gnolls
  4 adders
  5 white imps
  An ufetubus (D:8)
  A worm (D:2)
  5 dart slugs
  28 orcs
  3 bats
  5 endoplasms
  3 giant cockroaches
  6 goblins
  7 hobgoblins
  3 jackals (D:2)
  2 quokkas
  6 ball pythons
  A ball python skeleton (Ossuary)
  3 frilled lizards
  2 hobgoblin skeletons (Ossuary)
  A hobgoblin zombie (Ossuary)
  11 kobolds
  3 kobold zombies (Ossuary)
  An orc skeleton (Ossuary)
  3 rats
260 creatures vanquished.

Vanquished Creatures (collateral kills)
  Harold (D:9)
  A hydra (Lair:4)
  2 two-headed ogres
  A catoblepas (Lair:2)
  A death yak (Lair:1)
  Sonja (Lair:1)
  A black mamba (Lair:3)
  5 elephants (Lair:4)
  A cane toad (Lair:2)
  A torpor snail (Lair:1)
  A gargoyle (D:10)
  A kobold demonologist (D:11)
  3 komodo dragons
  An unseen horror (D:10)
  3 dream sheep (Lair:1)
  3 blink frogs (Lair:3)
  A shadow (D:11)
  A wraith (D:11)
  13 yaks
  A wyvern (D:11)
  2 vampire mosquitoes (D:10)
  2 redbacks (Lair:3)
  3 water moccasins
  3 orc warriors (D:9)
  2 centaurs
  A kobold brigand (D:9)
  6 wights
  3 killer bees
  A nameless horror (Lair:1)
  A howler monkey (D:10)
  2 orc priests
  An iguana (Lair:2)
  4 orc wizards (D:9)
  A gnoll (D:8)
  2 orcs (D:8)
  A kobold (D:9)
78 creatures vanquished.

Vanquished Creatures (others)
  3 hydras
  2 death yaks (Lair:1)
  A manticore (D:11)
  A cane toad (Lair:1)
  A komodo dragon (Lair:1)
  A wyvern (D:11)
  5 dancing weapons
  2 yaks
  An acid dragon (D:11)
  A water moccasin (D:11)
  An orc warrior (D:9)
  2 wights (D:6)
  An orc priest (D:9)
  An orc (D:7)
  8 fulminant prisms
  16 fungi
  46 plants
93 creatures vanquished.

Grand Total: 431 creatures vanquished

Notes
Turn   | Place    | Note
-------+----------+-------------------------------------------
     0 | D:1      | Gabide the Vampire Enchanter began the quest for the Orb.
     0 | D:1      | Reached XP level 1. HP: 13/13 MP: 3/3
   160 | D:1      | Reached XP level 2. HP: 20/20 MP: 5/5
   170 | D:1      | Reached skill level 1 in Fighting
   331 | D:1      | Found a faded altar of an unknown god.
   710 | D:2      | HP: 1/22 [poisoned by an adder]
   716 | D:2      | Gained mutation: You are afflicted with vampirism and can
                  | become a bat while bloodless. [Vampire growth]
   716 | D:2      | Reached XP level 3. HP: 2/27 MP: 6/6
  1396 | D:2      | Learned a level 2 spell: Ensorcelled Hibernation
  2039 | D:3      | Reached XP level 4. HP: 30/34 MP: 7/7
  2351 | D:3      | Found a runed translucent door.
  2352 | D:3      | Noticed Crazy Yiuf
  2575 | D:3      | Killed Crazy Yiuf
  2576 | D:3      | Reached skill level 1 in Armour
  2772 | D:4      | Found a staircase to the Ecumenical Temple.
  2803 | D:4      | Reached XP level 5. HP: 41/41 MP: 8/8
  2828 | Temple   | Entered the Ecumenical Temple
  2887 | Temple   | Became a worshipper of Uskayaw the Reveller
  3136 | D:4      | Found Vapieteme's Magic Scroll Boutique.
  3145 | D:4      | Bought a scroll of blinking for 82 gold pieces
  3145 | D:4      | Bought a scroll of poison for 44 gold pieces
  3145 | D:4      | Bought a scroll of teleportation for 33 gold pieces
  3145 | D:4      | Bought a scroll of butterflies for 44 gold pieces
  3145 | D:4      | Bought a scroll of noise for 11 gold pieces
  3315 | D:4      | Reached * piety under Uskayaw
  3947 | D:5      | Entered Level 5 of the Dungeon
  3952 | D:5      | Noticed an ogre
  3959 | D:5      | Reached ** piety under Uskayaw
  3963 | D:5      | Reached *** piety under Uskayaw
  3967 | D:5      | Reached **** piety under Uskayaw
  3969 | D:5      | Killed an ogre
  3970 | D:5      | Reached skill level 5 in Stealth
  3970 | D:5      | Reached skill level 5 in Hexes
  3970 | D:5      | Reached XP level 6. HP: 47/47 MP: 9/9
  3983 | D:5      | Reached ***** piety under Uskayaw
  4140 | D:5      | Reached XP level 7. HP: 52/52 MP: 11/11
  4270 | D:5      | Reached skill level 6 in Hexes
  4327 | D:5      | Reached skill level 7 in Hexes
  4532 | D:6      | Reached skill level 8 in Hexes
  4536 | D:6      | Learned a level 3 spell: Confusing Touch
  4540 | D:6      | Learned a level 3 spell: Tukima's Dance
  4657 | D:6      | Noticed a steam dragon
  4682 | D:6      | Killed a steam dragon
  4692 | D:6      | Reached XP level 8. HP: 32/58 MP: 2/13
  4709 | D:6      | Found a sand-covered staircase.
  4718 | Ossuary  | Entered an ossuary
  4880 | Ossuary  | Noticed a flying skull
  4887 | Ossuary  | Noticed a flying skull
  4914 | Ossuary  | Noticed a flying skull
  5125 | Ossuary  | Reached skill level 9 in Hexes
  5238 | D:6      | Found the amulet of Elemental Vulnerability {rPois rF--
                  | rC-- AC+8}
  5373 | D:6      | Found a sacrificial altar of Ru.
  5481 | D:6      | Noticed Menkaure
  5500 | D:6      | Killed Menkaure
  5631 | D:6      | Learned a level 3 spell: Dazzling Flash
  5845 | D:7      | Reached skill level 5 in Short Blades
  5845 | D:7      | Reached skill level 5 in Dodging
  5845 | D:7      | Reached XP level 9. HP: 59/66 MP: 15/15
  5921 | D:7      | Found an ornate altar of the Wu Jian Council.
  5930 | D:7      | Found a hazy altar of Hepliaklqana.
  5930 | D:7      | Found a shimmering altar of Xom.
  6171 | D:7      | Reached skill level 10 in Hexes
  6175 | D:7      | Reached ****** piety under Uskayaw
  6426 | D:7      | Reached skill level 5 in Fighting
  6426 | D:7      | Reached skill level 5 in Spellcasting
  6630 | D:7      | Noticed a two-headed ogre
  6647 | D:7      | Killed a two-headed ogre
  6648 | D:7      | Reached skill level 11 in Hexes
  7020 | D:8      | Noticed a polar bear
  7053 | D:8      | Killed a polar bear
  7054 | D:8      | Reached XP level 10. HP: 51/76 MP: 18/18
  7576 | D:8      | Reached skill level 12 in Hexes
  8928 | D:9      | Found Lefeesch's Jewellery Boutique.
  9185 | D:9      | Noticed a two-headed ogre
  9197 | D:9      | Killed a two-headed ogre
  9327 | D:9      | Noticed Maggie
  9344 | D:9      | Killed Maggie
  9345 | D:9      | Reached skill level 13 in Hexes
  9479 | D:9      | Found a staircase to the Orcish Mines.
  9497 | D:9      | Reached XP level 11. HP: 84/84 MP: 5/21
  9732 | D:9      | Noticed Harold
  9749 | D:9      | Killed Harold
  9833 | D:9      | Noticed Joseph
  9867 | D:9      | Killed Joseph
 10339 | D:9      | Learned a level 4 spell: Anguish
 10342 | D:9      | Learned a level 2 spell: Blink
 10348 | D:9      | Learned a level 5 spell: Summon Mana Viper
 10349 | D:10     | Entered Level 10 of the Dungeon
 11160 | D:11     | Found a staircase to the Lair.
 11167 | D:11     | Reached skill level 14 in Hexes
 11486 | D:11     | Noticed a seven-headed hydra
 11509 | D:11     | Killed a seven-headed hydra
 11510 | D:11     | Reached skill level 15 in Hexes
 12025 | D:11     | Reached skill level 16 in Hexes
 12280 | Lair:1   | Entered Level 1 of the Lair of Beasts
 12330 | Lair:1   | Reached XP level 12. HP: 92/92 MP: 6/24
 12671 | Lair:1   | Noticed a death yak
 12672 | Lair:1   | Noticed a death yak
 12820 | Lair:1   | Noticed Sonja
 12857 | Lair:1   | Killed Sonja
 13117 | Lair:1   | Learned a level 4 spell: Fulminant Prism
 13329 | Lair:1   | Noticed a death yak
 13343 | Lair:1   | Killed a death yak
 13348 | Lair:1   | Killed a death yak
 13361 | Lair:1   | Killed a death yak
 13490 | Lair:1   | Identified the +6 flail of Eternal Night {freeze, rCorr
                  | Dex+2 SInv}
 13656 | Lair:1   | Noticed an eight-headed hydra
 13662 | Lair:1   | Killed an eight-headed hydra
 14187 | Lair:2   | Found a staircase to the Swamp.
 14188 | Lair:2   | Noticed a seven-headed hydra
 14211 | Lair:2   | Noticed a seven-headed hydra
 14350 | Lair:2   | Noticed a catoblepas
 14374 | Lair:2   | Killed a catoblepas
 14375 | Lair:2   | Reached skill level 17 in Hexes
 14625 | Lair:2   | Killed a seven-headed hydra
 14692 | Lair:2   | Killed a seven-headed hydra
 14932 | Lair:2   | Noticed an eight-headed hydra
 14945 | Lair:2   | Killed an eight-headed hydra
 15097 | Lair:2   | Reached XP level 13. HP: 101/101 MP: 26/26
 15842 | Lair:3   | You fall into a shaft and drop 1 floor!
 16162 | Lair:4   | Reached skill level 10 in Short Blades
 16359 | Lair:4   | Reached skill level 10 in Dodging
 16529 | Lair:4   | Identified the +6 chain mail "Dafaweull" {Drain rElec rF++
                  | Str+4}
 16989 | Lair:4   | Reached skill level 10 in Fighting
 16989 | Lair:4   | Reached skill level 10 in Spellcasting
 16989 | Lair:4   | Reached skill level 18 in Hexes
 16989 | Lair:4   | Reached XP level 14. HP: 111/111 MP: 26/28
 17000 | Lair:5   | Entered Level 5 of the Lair of Beasts
 17000 | Lair:5   | Found a staircase to the Slime Pits.
 17216 | Lair:4   | Reached skill level 19 in Hexes
 17314 | Lair:5   | Found a viscous altar of Jiyva.
 17318 | Lair:5   | Found a frozen archway.
 17322 | Lair:5   | HP: 4/111 [yak (6)]
 17324 | Lair:5   | HP: 1/111 [rime drake (3)]
 17324 | Lair:5   | Mangled by a polar bear

Illustrated notes

Levels and vault maps discovered:
D:1:      scummos_arrival_hexagon, layout_rooms,
          hellmonk_ecumenical_altar_blasted, minmay_misc_feat_room
D:2:      layout_loops_ring
D:3:      minmay_skewed_foursquare, layout_loops_corners,
          uniq_crazy_yiuf_cottage
D:4:      layout_layer_cave, minmay_temple_entry_wispy, serial_shops,
          shop_scrolls
D:5:      layout_basic
D:6:      layout_rooms, nicolae_ru_great_annihilating_truth,
          nicolae_ossuary_entry_plus, uniq_menkaure
D:7:      layout_loops_ring, grunt_temple_overflow_open
D:8:      layout_basic, serial_ice, serial_ice_g, serial_ice_k, serial_ice_b,
          serial_ice_a, serial_ice_c, serial_ice_h, serial_ice_m, serial_ice_n,
          serial_ice_o, serial_ice_f
D:9:      layout_cave_pools, david_orc_3, serial_shops, shop, uniq_joseph,
          uniq_harold, uniq_maggie
D:10:     layout_small_grid
D:11:     layout_rooms, minmay_lair_entry_grove, serial_aquarium,
          aquarium_bridge_straight [aquarium_subvault_bridge,
          aquarium_subvault_window, aquarium_subvault_bridge,
          aquarium_subvault_window], aquarium_bridge_long_joined
          [aquarium_subvault_window, aquarium_subvault_bridge,
          aquarium_subvault_wall, aquarium_subvault_bridge,
          aquarium_subvault_balcony, aquarium_subvault_bridge],
          aquarium_window_corner, aquarium_window_2, aquarium_view_2a,
          aquarium_view_2d, aquarium_balcony_3a
Temple:   mainiacjoe_temple_coin_purse
Lair:1:   wad_woods_structure_01, layout_regular_city,
          nicolae_lair_grazing_beasts [nicolae_sub_lair_graze_edge,
          nicolae_sub_lair_graze_edge, nicolae_sub_lair_graze_edge,
          nicolae_sub_lair_graze_edge], uniq_sonja
Lair:2:   layout_gridlike, minmay_swamp_entry_reptiles,
          infiniplex_staircase_pool_2, grunt_megastairs_3
Lair:3:   layout_chaotic_city, spider_nest_entry_a, uniq_snorg
Lair:4:   layout_cave_pods
Lair:5:   hangedman_lair_in_review, layout_cave_shapes, slime_entry_1,
          basic_altar, portal_ice_cave_entry_animals_and_master, pond

Skill      XL: |  1  2  3  4  5  6  7  8  9 10 11 12 13 14 |
---------------+-------------------------------------------+-----
Short Blades   | 2 3 5 6 7 8 9 10 | 10.0
Fighting       | 2 3 4 5 7 8 9 10 | 10.3
Dodging        | 3 5 6 7 8 9 10 | 10.0
Armour         | 1 3 |  3.0
Stealth        | 5 |  5.0
Hexes          | 5 8 9 11 13 16 17 18 19 | 19.0
Spellcasting   | 3 4 5 6 8 9 10 | 10.3

Action                   |  1- 3 |  4- 6 |  7- 9 | 10-12 | 13-15 || total
-------------------------+-------+-------+-------+-------+-------++-------
Melee: Dagger            |   117 |       |       |       |       ||   117
       Bite              |    17 |     9 |    64 |   106 |    20 ||   216
       Punch             |     2 |     3 |     5 |    14 |     2 ||    26
       Short sword       |    41 |   156 |   435 |   582 |   106 ||  1320
       Long sword        |       |       |    36 |       |       ||    36
 Cast: Ensorcelled Hiber |     1 |       |     2 |    77 |    32 ||   112
       Tukima's Dance    |       |       |    10 |    37 |       ||    47
       Confusing Touch   |       |       |    17 |    36 |     4 ||    57
       Dazzling Flash    |       |       |       |    11 |     2 ||    13
       Summon Mana Viper |       |       |       |    34 |    11 ||    45
       Anguish           |       |       |       |    20 |     8 ||    28
       Blink             |       |       |       |     4 |     1 ||     5
       Fulminant Prism   |       |       |       |     6 |     2 ||     8
Invok: Stomp             |       |     1 |       |       |       ||     1
       Line Pass         |       |       |     1 |       |       ||     1
 Abil: Exsanguinate      |     1 |       |       |       |       ||     1
Evoke: Wand              |       |    10 |     6 |     1 |       ||    17
  Use: Potion            |     1 |       |     1 |       |     1 ||     3
       Scroll            |       |     1 |     6 |    14 |     7 ||    28
 Stab: Sleeping          |     9 |     2 |    10 |    45 |    13 ||    79
       Invisible         |     1 |     1 |     8 |     3 |       ||    13
       Paralysed         |       |     4 |    15 |    15 |     1 ||    35
       Confused          |       |       |    17 |    26 |     4 ||    47
       Distracted        |       |       |       |     3 |     2 ||     5
       Petrified         |       |       |       |     2 |       ||     2
Armor: Robe              |     5 |       |    14 |    92 |    51 ||   162
       Leather armour    |    13 |       |       |       |       ||    13
       Ring mail         |    14 |    19 |    49 |       |       ||    82
Dodge: Dodged            |   105 |   130 |   453 |   590 |   193 ||  1471
